 Dungeon Crawl Stone Soup version 0.28.0-45-g0d030f2227 (webtiles) character file.

Game seed: 15906693327473864728

21 Gabide the Grave Robber (level 2, -1/19 HPs)
             Began as a Mummy Necromancer on Apr 11, 2022.
             Killed from afar by Ijyb (10 damage)
             ... with a puff of flame
             ... on level 3 of the Dungeon.
             The game lasted 00:02:02 (1125 turns).

Gabide the Grave Robber (Mummy Necromancer)         Turns: 1125, Time: 00:02:03

Health: -1/19      AC:  2    Str: 11    XL:     2   Next: 65%
Magic:  3/6        EV: 27    Int: 14    God:
Gold:   32         SH:  0    Dex: 12    Spells: 6/7 levels left

rFire   x . .      SeeInvis .   (no weapon)
rCold   + . .      Faith    .   (no shield)
rNeg    + + +      Spirit   .   a - +0 robe
rPois   ∞          Reflect  .   (no helmet)
rElec   .          Harm     .   b - scarf {shadows}
rCorr   .          Rampage  .   (no gloves)
Will    .....                   (no boots)
Stlth   ++........              f - amulet of the acrobat
HPRegen 0.06/turn               (no ring)
MPRegen 0.10/turn               (no ring)

@: acrobatic
A: cold resistance 1, negative energy resistance 3, torment resistance 2, heat
vulnerability 1, no potions
a: no special abilities


You were on level 3 of the Dungeon.
You visited 1 branch of the dungeon, and saw 3 of its levels.

You collected 32 gold pieces.

Inventory:

Armour
 a - a +0 robe (worn)
 b - a scarf of shadows (worn)
Jewellery
 f - an amulet of the acrobat (around neck)
Scrolls
 c - a scroll of teleportation {unknown}
 d - a scroll of vulnerability {unknown}
 e - a scroll of identify {unknown}


   Skills:
 * Level 0.1 Fighting
 * Level 1.6 Dodging
 + Level 1.5 Stealth
 * Level 3.2 Spellcasting
 * Level 4.5 Necromancy


You had 6 spell levels left.
You knew the following spells:

 Your Spells              Type           Power      Damage    Failure   Level
a - Pain                  Necr           56%        1d6       3%          1

Your spell library contained the following spells:

 Spells                   Type           Power      Damage    Failure   Level
 Animate Skeleton         Necr           28%        N/A       3%          1
 Vampiric Draining        Necr           14%        2d7       10%         3
 Corpse Rot               Necr/Air       16%        N/A       13%         2
 Poisonous Vapours        Pois/Air       4%         N/A       32%         2
 Animate Dead             Necr           7%         N/A       32%         4
 Agony                    Necr           14%        N/A       65%         5


Dungeon Overview and Level Annotations

Branches:
Dungeon (2/15)

Altars:

Annotations:
D:3 Ijyb, Terence


Innate Abilities, Weirdness & Mutations

You are immune to poison.
Your flesh is cold resistant. (rC+)
You are immune to negative energy. (rN+++)
You are immune to unholy pain and torment.
You are vulnerable to heat. (rF-)
You do not drink.


Message History

f - an amulet of the acrobat The bat barely misses you.
Terence hits you with a +0 hand axe. The bat closely misses you.
The bat barely misses you.
You start putting on your amulet.
You continue putting on your amulet of the acrobat.
The bat hits you.
Keep equipping yourself? [Y]es or [N]o only, please.
Keep equipping yourself?
Terence hits you with a +0 hand axe.
You continue putting on your amulet of the acrobat.
The bat hits you but does no damage. Terence misses you.
You continue putting on your amulet of the acrobat.
The bat hits you but does no damage. Terence closely misses you.
You continue putting on your amulet of the acrobat.
You hear the slow rusting of a distant drain.
Terence completely misses you.
You continue putting on your amulet of the acrobat.
The bat barely misses you. Terence closely misses you.
You finish putting on your amulet of the acrobat.
You feel ready to tumble and roll out of harm's way.
f - an amulet of the acrobat (around neck)
The bat barely misses you. The bat hits you but does no damage.
The bat hits you but does no damage. The bat hits you.
The bat closely misses you. The bat barely misses you.
Found 10 gold pieces.
Ijyb the Twisted Goblin comes into view.
She is wielding a +0 club and carrying a wand of flame (17).
Found a stone staircase leading up.
Ijyb zaps a wand.
The puff of flame misses you.
An orc comes into view. It is wielding a +0 mace.
Ijyb zaps a wand.
The puff of flame misses you.
The orc shouts!
You hear a shout!
An orc priest comes into view. It is wielding a +0 falchion.
The orc closely misses you.
Ijyb zaps a wand.
The puff of flame hits you! The fire burns you terribly!
Ouch! That really hurt!
You die...

##......# .# ........#
.# .#......# ##.#
##......# #.. . .....##
#.# .. ##....########.#
o#
###.#.........$####.###
# #.########.@..o......
#.# #.#g.@<.#.. #.#
.....####.... #.#
###.### ... #..# #.##
#.


You could see Ijyb, Terence, an orc priest (wandering) and an orc.

Vanquished Creatures
  3 ball pythons (D:1)
  2 endoplasms (D:1)
  A giant cockroach (D:1)
  2 goblins
  2 hobgoblins (D:1)
  A kobold (D:3)
  2 quokkas (D:1)
  3 bats (D:1)
  2 frilled lizards (D:1)
  2 rats (D:1)
20 creatures vanquished.

Notes
Turn   | Place    | Note
-------+----------+-------------------------------------------
     0 | D:1      | Gabide the Mummy Necromancer began the quest for the Orb.
     0 | D:1      | Reached XP level 1. HP: 13/13 MP: 4/4
   208 | D:1      | Found a faded altar of an unknown god.
   431 | D:1      | Reached XP level 2. HP: 17/19 MP: 0/5
  1055 | D:2      | You fall into a shaft and drop 1 floor!
  1095 | D:3      | Noticed Terence
  1120 | D:3      | Noticed Ijyb
  1125 | D:3      | Killed from afar by Ijyb

Illustrated notes

Levels and vault maps discovered:
D:1:      amcnicky_arrival_wind_blow, layout_basic,
          ebering_ecumenical_altar_webs
D:2:      layout_rooms, st_stairs_6
D:3:      layout_rooms, serial_shops, shop, portal_sewer_entry_d, uniq_natasha,
          uniq_robin, uniq_crazy_yiuf_cottage, uniq_ijyb, uniq_terence

Skill      XL: |  1  2 |
---------------+-------+-----
Spellcasting   | 3 |  3.2
Fighting       | |  0.1
Dodging        | |  1.6
Stealth        | |  1.5
Necromancy     | |  4.5

Action                   || total
-------------------------++-------
Melee: Unarmed           ||     2
       Punch             ||     1
 Cast: Pain              ||    45
Armor: Robe              ||     4
Dodge: Dodged            ||    20
